 Dungeon Crawl Stone Soup version 0.23.0 (webtiles) character file.

Game seed: 5551180519264975111

289 tidbits the Insei (level 6, -11/47 HPs)
             Began as a Gnoll Transmuter on Feb 14, 2019.
             Mangled by a two-headed ogre
             ... wielding a cursed +0 giant club
              (25 damage)
             ... on level 5 of the Dungeon.
             The game lasted 00:06:21 (668 turns).

tidbits the Insei (Gnoll Transmuter)                 Turns: 668, Time: 00:06:21

Health: -11/47     AC:  2    Str: 18    XL:     6   Next: 31%
Magic:  1/14       EV: 24    Int: 17    God:
Gold:   33         SH:  0    Dex: 20    Spells: 9/15 levels left

rFire    . . .     SeeInvis .     - Unarmed
rCold    . . .     Gourm    +   (shield currently unavailable)
rNeg     . . .     Faith    .   (armour currently unavailable)
rPois    x         Spirit   .   (helmet currently unavailable)
rElec    .         Reflect  .   (cloak currently unavailable)
rCorr    .         Harm     .   (gloves currently unavailable)
MR       .....                  (boots currently unavailable)
Stlth    ++........             j - amulet of the gourmand
HPRegen  0.15/turn              (no ring)
MPRegen  0.14/turn              (no ring)

@: mighty, spider-form (expiring)
A: tiny, distributed training, strong nose
a: End Transformation


You were on level 5 of the Dungeon.
You were hungry.
You were a venomous arachnid creature.
You visited 1 branch of the dungeon, and saw 5 of its levels.

You collected 33 gold pieces.

Inventory:

Hand Weapons
 g - a cursed -3 dagger
 s - a +0 trident
Missiles
 a - 36 arrows
 c - 4 tomahawks (quivered)
Armour
 b - a +0 robe (melded)
 k - a +0 ring mail
 o - a +0 buckler
Jewellery
 j - an amulet of the gourmand (around neck)
   (You found it on level 2 of the Dungeon)
Scrolls
 e - a scroll of magic mapping {unknown}
 f - a scroll of fear {unknown}
 h - 4 scrolls of teleportation {unknown}
 p - a scroll of random uselessness {unknown}
 q - a scroll of blinking {unknown}
Potions
 i - a potion of flight {unknown}
 l - a potion of lignification {unknown}
 n - a potion of degeneration {unknown}
 r - a potion of magic {unknown}
Comestibles
 d - 8 rations


   Skills:
 + Level 3.2 Fighting
 + Level 1.8 Short Blades
 + Level 1.8 Long Blades
 + Level 1.8 Axes
 + Level 1.8 Maces & Flails
 + Level 1.8 Polearms
 + Level 1.8 Staves
 + Level 1.8 Slings
 + Level 1.8 Bows
 + Level 1.8 Crossbows
 + Level 1.8 Throwing
 + Level 1.8 Armour
 + Level 4.9 Dodging
 + Level 1.8 Stealth
 + Level 1.8 Shields
 + Level 6.8 Unarmed Combat
 + Level 5.3 Spellcasting
 + Level 1.4 Conjurations
 + Level 1.4 Hexes
 + Level 1.4 Charms
 + Level 1.4 Summonings
 + Level 1.4 Necromancy
 + Level 1.4 Translocations
 + Level 4.1 Transmutations
 + Level 1.4 Fire Magic
 + Level 1.4 Ice Magic
 + Level 1.4 Air Magic
 + Level 1.4 Earth Magic
 + Level 1.4 Poison Magic
 + Level 2.0 Invocations
 + Level 1.8 Evocations


You had 9 spell levels left.
You knew the following spells:

 Your Spells              Type           Power        Failure   Level  Hunger
e - Beastly Appendage     Tmut           ###...       10%         1    None
k - Sticks to Snakes      Tmut           ###.....     12%         2    #......
p - Spider Form           Tmut/Pois      ##........   30%         3    ##.....

Your spell library contained the following spells:

 Spells                   Type           Power        Failure   Level  Hunger
 Ice Form                 Ice/Tmut       ##......     63%         4    ####...
 Blade Hands              Tmut           ###.......   77%         5    ######.


Dungeon Overview and Level Annotations

Branches:
Dungeon (5/15)
 Temple: D:4-7

Altars:
Dithmenos


Innate Abilities, Weirdness & Mutations

Your experience applies equally to all skills.
((You have very sharp teeth.))
Your uncanny sense of smell can sniff out nearby items.


Message History

You hit the adder.
The adder is poisoned.
The adder is lightly wounded.
The adder barely misses you. The adder bites you.
You are poisoned.
The adder poisons you!
You hit the adder.
The adder looks as sick as possible!
The adder is heavily wounded.
You feel sick. The adder misses you.
You bite the adder!
You kill the adder!
You feel sick.
You feel sick.
You see here an adder corpse.
You feel sick.
You feel sick.
An orc comes into view. It is wielding a +0 falchion.
You are feeling hungry.
You feel sick.
Your transformation is almost over.
You feel sick.
You feel sick.
The orc shouts!
The orc throws a tomahawk.
The tomahawk completely misses you.
You feel sick. The orc completely misses you.
You hit the orc.
The orc is poisoned.
The orc is heavily wounded.
The orc hits you with a +0 falchion.
You closely miss the orc.
The orc is severely wounded.
You feel sick.
You kill the orc!
Things that are here:
a +0 falchion; a tomahawk; an orc corpse
c - 4 tomahawks (gained 1)
Your transformation has ended.
Your +0 robe unmelds from your body.
You feel sick.
You feel sick.
Found a stone staircase leading down.
You feel sick.
Your magical contamination has completely faded away.
A howler monkey comes into view.
Found a lumpy black potion.
Casting: Spider Form (safe; 14% risk of failure)
Confirm with . or Enter, or press ? or * to list all spells.
You turn into a venomous arachnid creature.
Your +0 robe melds into your body.
Unknown command.
An ogre comes into view. It is wielding a +0 giant spiked club.
You feel sick.
The howler monkey howls!
The ogre shouts!
The howler monkey hoots and howls with incredible vigour!
You hear an angry hiss.
Casting: Spider Form (safe; 32% risk of failure)
Confirm with . or Enter, or press ? or * to list all spells.
You create a snake!
You now have 36 arrows.
Unknown command.
Your transformation is almost over.
A two-headed ogre comes into view.
It is wielding a +0 giant club and a +0 giant spiked club.
The two-headed ogre shouts in stereo!
Your ball python bites the howler monkey.
Your ball python grabs the howler monkey.
Your ball python constricts the howler monkey.
The howler monkey hits you.
You hit the howler monkey but do no damage.
The howler monkey is lightly wounded.
You feel sick.
Your ball python bites the howler monkey.
Your ball python constricts the howler monkey.
The howler monkey misses you.
You hit the howler monkey but do no damage.
The howler monkey is lightly wounded.
Your ball python bites the howler monkey.
Your ball python constricts the howler monkey.
The howler monkey misses you.
You bite the howler monkey!
The howler monkey is poisoned.
The howler monkey is heavily wounded.
Your ball python bites the howler monkey but does no damage.
Your ball python constricts the howler monkey.
The howler monkey hits you.
* * * LOW HITPOINT WARNING * * *
A howler monkey comes into view.
You hit the howler monkey.
You kill the howler monkey!
The ogre completely misses you.
You feel very mighty all of a sudden.
The howler monkey hoots and howls with incredible vigour!
You hear a shout!
You maul the ogre!!
The ogre is almost dead.
You feel sick.
You are no longer poisoned.
Your ball python bites the ogre.
The ogre misses you.
Your ball python bites the ogre.
You bite the two-headed ogre!
The two-headed ogre is poisoned.
The two-headed ogre is lightly wounded.
The two-headed ogre hits you with a cursed +0 giant club!
* * * LOW HITPOINT WARNING * * *
The two-headed ogre hits you with a cursed +0 giant spiked club!!
Ouch! That really hurt!
You die...

##...#.........#
##...#..........#
###...#...).......#
##....####.........#
#####.....#
######....#
##........## #####
.........##
.........#
......>Os#
.......SO#
.........#
.........#
#..!.....#
##.....h.# ##......#
##.....#


You could see a two-headed ogre, an ogre, a howler monkey and a friendly ball
python.

Vanquished Creatures
  A howler monkey (D:5)
  An orc wizard (D:3)
  An orc priest (D:3)
  3 worker ants (D:5)
  A gnoll (D:4)
  4 adders
  An adder zombie (D:3)
  2 dart slugs
  A leopard gecko (D:1)
  11 orcs
  3 bats (D:2)
  7 goblins
  7 hobgoblins
  5 kobolds
  A quokka (D:3)
  3 frilled lizards (D:3)
  A leopard gecko skeleton (D:4)
  2 rats (D:3)
55 creatures vanquished.

Vanquished Creatures (collateral kills)
  An adder (D:2)
  A hobgoblin (D:2)
2 creatures vanquished.

Grand Total: 57 creatures vanquished

Notes
Turn   | Place    | Note
-------+----------+-------------------------------------------
     0 | D:1      | tidbits the Gnoll Transmuter began the quest for the Orb.
     0 | D:1      | Reached XP level 1. HP: 17/17 MP: 6/6
    50 | D:1      | Reached XP level 2. HP: 16/23 MP: 5/7
    54 | D:1      | Learned a level 2 spell: Sticks to Snakes
   194 | D:2      | Reached skill level 5 in Spellcasting
   194 | D:2      | Reached XP level 3. HP: 26/28 MP: 3/9
   200 | D:2      | Learned a level 3 spell: Spider Form
   280 | D:3      | Reached skill level 1 in Short Blades
   280 | D:3      | Reached skill level 1 in Long Blades
   280 | D:3      | Reached skill level 1 in Axes
   280 | D:3      | Reached skill level 1 in Maces & Flails
   280 | D:3      | Reached skill level 1 in Polearms
   280 | D:3      | Reached skill level 1 in Staves
   280 | D:3      | Reached skill level 1 in Slings
   280 | D:3      | Reached skill level 1 in Bows
   280 | D:3      | Reached skill level 1 in Crossbows
   280 | D:3      | Reached skill level 1 in Throwing
   280 | D:3      | Reached skill level 1 in Armour
   280 | D:3      | Reached skill level 1 in Stealth
   280 | D:3      | Reached skill level 1 in Shields
   280 | D:3      | Reached skill level 1 in Invocations
   280 | D:3      | Reached skill level 1 in Evocations
   280 | D:3      | Reached XP level 4. HP: 34/34 MP: 0/11
   347 | D:3      | Reached skill level 1 in Conjurations
   347 | D:3      | Reached skill level 1 in Hexes
   347 | D:3      | Reached skill level 1 in Charms
   347 | D:3      | Reached skill level 1 in Summonings
   347 | D:3      | Reached skill level 1 in Necromancy
   347 | D:3      | Reached skill level 1 in Translocations
   347 | D:3      | Reached skill level 1 in Fire Magic
   347 | D:3      | Reached skill level 1 in Ice Magic
   347 | D:3      | Reached skill level 1 in Air Magic
   347 | D:3      | Reached skill level 1 in Earth Magic
   347 | D:3      | Reached skill level 1 in Poison Magic
   403 | D:3      | Reached XP level 5. HP: 25/40 MP: 4/12
   434 | D:4      | Found a shadowy altar of Dithmenos.
   531 | D:4      | Reached skill level 3 in Fighting
   559 | D:4      | Reached skill level 4 in Transmutations
   596 | D:5      | Entered Level 5 of the Dungeon
   623 | D:5      | Reached skill level 2 in Invocations
   623 | D:5      | Reached XP level 6. HP: 42/47 MP: 4/13
   661 | D:5      | Noticed a two-headed ogre
   668 | D:5      | Mangled by a two-headed ogre

Skill      XL: |  1  2  3  4  5 |
---------------+----------------+-----
Spellcasting   | 5 |  5.3
Short Blades   | 1 |  1.8
Long Blades    | 1 |  1.8
Axes           | 1 |  1.8
Maces & Flails | 1 |  1.8
Polearms       | 1 |  1.8
Staves         | 1 |  1.8
Slings         | 1 |  1.8
Bows           | 1 |  1.8
Crossbows      | 1 |  1.8
Throwing       | 1 |  1.8
Armour         | 1 |  1.8
Stealth        | 1 |  1.8
Shields        | 1 |  1.8
Invocations    | 1 2 |  2.0
Evocations     | 1 |  1.8
Conjurations   | 1 |  1.4
Hexes          | 1 |  1.4
Charms         | 1 |  1.4
Summonings     | 1 |  1.4
Necromancy     | 1 |  1.4
Translocations | 1 |  1.4
Fire Magic     | 1 |  1.4
Ice Magic      | 1 |  1.4
Air Magic      | 1 |  1.4
Earth Magic    | 1 |  1.4
Poison Magic   | 1 |  1.4
Fighting       | 3 |  3.2
Transmutations | 4 |  4.1
Dodging        | |  4.9
Unarmed Combat | |  6.8

Action                   |  1- 3 |  4- 6 || total
-------------------------+-------+-------++-------
Melee: Unarmed           |    40 |    83 ||   123
       Kick              |     4 |       ||     4
       Bite              |     2 |     2 ||     4
       Headbutt          |     1 |       ||     1
       Punch             |       |     1 ||     1
Throw: Tomahawk          |       |     2 ||     2
 Cast: Beastly Appendage |     7 |     1 ||     8
       Sticks to Snakes  |     3 |     2 ||     5
       Spider Form       |     3 |    11 ||    14
  Use: Potion            |     1 |     1 ||     2
       Scroll            |     1 |       ||     1
 Stab: Sleeping          |       |     2 ||     2
Armor: Robe              |     2 |     1 ||     3
       Skin              |       |     4 ||     4
Dodge: Dodged            |    31 |    68 ||    99

Table legend:
 A = Turns spent in this place as a percentage of turns spent in the entire game.
 B = Non-inter-level travel turns spent in this place as a percentage of non-inter-level travel turns spent in the entire game.
 C = Inter-level travel turns spent in this place as a percentage of turns spent in this place.
 D = Turns resting spent in this place as a percentage of non-inter-level travel turns spent in this place.
 E = Turns spent auto-exploring this place as a percentage of non-inter-level travel turns spent in this place.
 F = Non-inter-level travel turns spent in this place divided by the number of levels of this place that you've seen.
                   A       B       C       D       E      F
               +-------+-------+-------+-------+-------+----------------------
         Total | 100.0 | 100.0 |   0.0 |   0.0 |   0.0 | 133.6
       Dungeon | 100.0 | 100.0 |   0.0 |   0.0 |   0.0 | 133.6
               +-------+-------+-------+-------+-------+----------------------

Table legend:
 A = Kills in this place as a percentage of kills in entire the game.
 B = Kills by you in this place as a percentage of kills by you in the entire game.
 C = Kills by friends in this place as a percentage of kills by friends in the entire game.
 D = Other kills in this place as a percentage of other kills in the entire game.
 E = Experience gained in this place as a percentage of experience gained in the entire game.
 F = Experience gained in this place divided by the number of levels of this place that you have seen.
                   A       B       C       D       E      F
               +-------+-------+-------+-------+-------+----------------------
         Total | 100.0 | 100.0 | 100.0 |   N/A | 100.0 |  82.6
       Dungeon | 100.0 | 100.0 | 100.0 |   N/A | 100.0 |  82.6
               +-------+-------+-------+-------+-------+----------------------

Levels and vault maps discovered:
D:1:      nzn_arrival_water_spiral, layout_basic, serial_bayou_crossing
D:2:      layout_loops_ring
D:3:      layout_rooms, hangedman_abyss_or_decor_lesser_grid
D:4:      corexii_shantytown, layout_loops_corners, fedhas_altar_2,
          lemuel_doored_altar
D:5:      layout_cave_pods, biasface_ghost_orc_armoury, first_ration
